 Dungeon Crawl Stone Soup version 0.20-a0-1126-g0f15420 (webtiles) character file.

311 Monsterracer the Changer (level 6, 0/22 HPs)
             Began as a Felid Transmuter on May 16, 2017.
             Was a Follower of Ru.
             Splashed by a jelly's acid (8 damage)
             ... on level 5 of the Dungeon on May 17, 2017.
             The game lasted 00:23:28 (6696 turns).

Monsterracer the Changer (Felid Transmuter)         Turns: 6696, Time: 00:23:29

Health: 0/22       AC: -2    Str:  7    XL:     6   Next: 18%
Magic:  9/10       EV: 18    Int: 15    God:    Ru [*.....]
Gold:   267        SH:  0    Dex: 17    Spells: 3/9 levels left
                                        Lives:  0   Deaths: 1

rFire    . . .     SeeInvis +     - Unarmed
rCold    + . .     Gourm    .   (shield unavailable)
rNeg     . . .     Faith    .   (armour unavailable)
rPois    .         Spirit   .   (helmet unavailable)
rElec    +         Reflect  .   (cloak unavailable)
rCorr    .         Harm     .   (gloves unavailable)
MR       .....                  (boots unavailable)
Stlth    +++.......             (no amulet)
Regen    0.1/turn               j - ring of stealth
MPRegen  0.2/turn               l - ring of protection from cold

@: appendage, corroded, no scrolls, quick
A: no armour, no weapons or thrown items, stealth, claws 1, fangs 3, horns 2,
see invisible, carnivore 3, speed 1, frail 1, shaggy fur 2, electricity
resistance, slow metabolism 1, inability to read while threatened, sharp paws
a: End Transformation, Renounce Religion


You were on level 5 of the Dungeon.
You worshipped Ru.
Ru was aware of your devotion.
You were very full.
You had grown temporary horns.
You visited 1 branch of the dungeon, and saw 5 of its levels.

You collected 267 gold pieces.

Inventory:

Missiles
 a - 35 arrows
Jewellery
 e - an uncursed ring of teleportation
 j - a ring of stealth (left paw)
 l - a ring of protection from cold (right paw)
Scrolls
 f - 6 scrolls of remove curse
 g - a scroll of identify
 k - a scroll of magic mapping
Potions
 h - a potion of curing
Books
 b - a book of Changes

   Spells                             Type                      Level
   a - Beastly Appendage              Transmutation                1
   b - Sticks to Snakes               Transmutation                2
   c - Spider Form                    Transmutation/Poison         3
   d - Ice Form                       Ice/Transmutation            4
   e - Blade Hands                    Transmutation                5
Comestibles
 c - a meat ration
 d - 2 royal jellies


   Skills:
 - Level 1.0 Fighting
 - Level 2.6 Dodging
 + Level 5.9 Unarmed Combat
 - Level 2.0 Spellcasting
 * Level 6.0 Transmutations


You had 3 spell levels left.
You knew the following spells:

 Your Spells              Type           Power        Failure   Level  Hunger
a - Beastly Appendage     Tmut           ###...       1%          1    #......
b - Sticks to Snakes      Tmut           ###.....     2%          2    ###....
c - Spider Form           Tmut/Pois      ##........   19%         3    ###....


Dungeon Overview and Level Annotations

Branches:
Dungeon (5/15)
 Temple: D:4-7

Altars:
Fedhas
Ru


Innate Abilities, Weirdness & Mutations

You cannot wear armour.
You are incapable of wielding weapons or throwing items.
Your paws allow you to move quietly. (Stealth)
You have sharp claws.
You have razor-sharp teeth.
You have supernaturally acute eyesight. (SInv)
You are carnivorous and can eat meat at any time.
You cover ground quickly.
You are covered in thick fur. (AC +2)
You have a slow metabolism.
You cannot read scrolls while threatened.
Your sharp claws are effective at attacking unaware monsters.
You have a pair of horns on your head.
You are frail. (-10% HP)
You are resistant to electric shocks. (rElec)


Message History

There is an open door here.
HP restored.
You open the door.
There is an open door here.
A jelly comes into view.
Found 4 gold pieces.
You pounce on the unaware helpless jelly!
You claw the jelly!
Your paws burn!
The jelly is severely wounded.
The jelly hits you.
You are splashed with acid!
The acid burns!
You feel threatened and lose the ability to read scrolls!
Casting: Beastly Appendage
Confirm with . or Enter, or press ? or * to list all spells.
You grow a pair of large bovine horns.
The jelly hits you but does no damage.
Unknown command.
You barely miss the jelly.
The jelly is severely wounded.
The jelly hits you. The acid corrodes you!
You are splashed with acid!
The acid burns!
You die...

##..<#####...##.# .....#
#.####.# .....# #.# #.#
.....# ..# #.# .....#
.######.# .....#
#......!.##+#####
##...###..#.......$.....
#........+.............
#..#######.....@.......
#...............J......
##.####################
#.# #.# #.# # #.###### .
........ .# ......?


You could see a jelly.

Vanquished Creatures
  An ogre (D:4)
  A bullfrog zombie (D:5)
  An orc priest (D:4)
  3 orc wizards
  A worker ant (D:4)
  A hound zombie (D:5)
  A hound skeleton (D:4)
  6 gnolls
  3 adders
  4 oozes
  An adder skeleton (D:4)
  A worm (D:5)
  3 dart slugs (D:1)
  4 leopard geckos
  11 orcs
  4 bats
  3 giant cockroaches
  13 goblins
  9 hobgoblins
  5 jackals (D:1)
  8 kobolds
  4 quokkas
  3 frilled lizards
  A jackal skeleton (D:4)
  8 rats
100 creatures vanquished.

Vanquished Creatures (collateral kills)
  An adder (D:4)
1 creature vanquished.

Grand Total: 101 creatures vanquished

Notes
Turn   | Place    | Note
-------+----------+-------------------------------------------
     0 | D:1      | Monsterracer the Felid Transmuter began the quest for the Orb.
     0 | D:1      | Reached XP level 1. HP: 9/9 MP: 4/4
   120 | D:1      | Reached XP level 2. HP: 12/12 MP: 6/6
   146 | D:1      | Learned a level 2 spell: Sticks to Snakes
   439 | D:1      | Upgraded the game from 0.20-a0-1124-g2e29d97 to 0.20-a0-1126-g0f15420
   659 | D:1      | Reached XP level 3. HP: 15/15 MP: 5/7
   728 | D:1      | Learned a level 3 spell: Spider Form
  1498 | D:2      | Reached skill level 3 in Transmutations
  1608 | D:2      | Reached XP level 4. HP: 17/19 MP: 8/8
  3098 | D:3      | Found a blossoming altar of Fedhas.
  3136 | D:3      | Reached skill level 5 in Unarmed Combat
  3136 | D:3      | Reached XP level 5. HP: 10/22 MP: 3/9
  3330 | D:2      | Reached skill level 4 in Transmutations
  3609 | D:3      | Gained mutation: You are frail. (-10% HP) [potion of mutation]
  3609 | D:3      | Gained mutation: You are resistant to electric shocks. (rElec) [potion of mutation]
  4737 | D:3      | Found a blossoming altar of Fedhas.
  4812 | D:4      | Found a sacrificial altar of Ru.
  4820 | D:4      | Became a worshipper of Ru the Awakened
  5206 | D:4      | Noticed an ogre
  5232 | D:4      | Killed an ogre
  5232 | D:4      | Reached skill level 5 in Transmutations
  5232 | D:4      | Gained mutation: You are covered in thick fur. (AC +2) [Felid growth]
  5232 | D:4      | Reached XP level 6. HP: 22/22 MP: 0/10
  6119 | D:4      | Killed from afar by an orc wizard
  6120 | D:4      | Reached XP level 5. HP: -1/19 MP: 5/9
  6447 | D:5      | Entered Level 5 of the Dungeon
  6447 | D:5      | Noticed an orc warrior
  6580 | D:5      | Reached XP level 6. HP: 17/22 MP: 7/10
  6616 | D:5      | Reached skill level 6 in Transmutations
  6632 | D:5      | Gained mutation: You cannot read scrolls while threatened. [Ru sacrifice]
  6632 | D:5      | Reached * piety under Ru
  6696 | D:5      | Splashed by a jelly's acid

Vault maps used:
D:1:      dpeg_arrival_windows_large_door, roderic_roman_lattice,
          grunt_decor_resistance
D:2:      kennysheep_crisscross, minivault_24, minmay_goblin_outpost
D:3:      marbit_many_paths, first_bread, fedhas_altar_4
D:4:      serial_glass, glass_columns_a, glass_columns_c, item_on_display_a,
          feat_on_display, item_on_display_a, minmay_strange_pillars,
          nicolae_ru_sacrificial_ziggurat
D:5:      lemuel_another_geyser

Skill      XL: |  1  2  3  4  5  6 |
---------------+-------------------+-----
Unarmed Combat | 4 5 |  5.9
Transmutations | 3 5 6 |  6.0
Fighting       | |  1.0
Dodging        | |  2.6
Spellcasting   | |  2.0

Action                   |  1- 3 |  4- 6 || total
-------------------------+-------+-------++-------
Melee: Unarmed           |   106 |   199 ||   305
       Bite              |     4 |    11 ||    15
       Headbutt          |     4 |    13 ||    17
       Punch             |     1 |     1 ||     2
 Cast: Beastly Appendage |    13 |    17 ||    30
       Spider Form       |       |    19 ||    19
       Sticks to Snakes  |       |     9 ||     9
Invok: Sacrifice Words   |       |     1 ||     1
  Use: Scroll            |     1 |     4 ||     5
       Potion            |     1 |     4 ||     5
 Stab: Sleeping          |     4 |     8 ||    12
       Distracted        |       |     3 ||     3
  Eat: Chunk             |     9 |    15 ||    24
Armor: Skin              |     3 |     4 ||     7
Dodge: Dodged            |    68 |   140 ||   208
